 Dungeon Crawl Stone Soup version 0.30-a0-722-g3e6e8c874d (webtiles) character file.

Game seed: 16625389744797442581

184 Shayle the Sneak (level 5, -2/31 HPs)
             Began as a Tengu Brigand on Jan 27, 2023.
             Slain by a bullfrog (7 damage)
             ... on level 4 of the Dungeon.
             The game lasted 00:09:36 (2054 turns).

Shayle the Sneak (Tengu Brigand)                    Turns: 2054, Time: 00:09:37

Health: -2/31      AC:  4    Str: 12    XL:     5   Next: 63%
Magic:  7/7        EV: 14    Int: 13    God:
Gold:   121        SH:  3    Dex: 15    Spells: 4/6 levels left

rFire   + . .      SeeInvis +    n - +1 whip (venom)
rCold   . . .      Faith    .    k - +0 buckler
rNeg    . . .      Spirit   .    b - +0 robe
rPois   .          Reflect  .    f - +1 hat of Xuat Xet {rF+ rCorr}
rElec   .          Harm     .    c - +0 cloak
rCorr   +          Rampage  .    (no gloves)
Will    .....                    (boots unavailable)
Stlth   +++                      (no amulet)
HPRegen 0.25/turn                o - ring of see invisible
MPRegen 0.10/turn                (no ring)

@: flying quickly and evasively, quick
A: beak, talons 3, nimble flight
a: no special abilities


You were on level 4 of the Dungeon.
You visited 1 branch of the dungeon, and saw 4 of its levels.

You collected 186 gold pieces.
You spent 65 gold pieces at shops.

Inventory:

Hand Weapons
 a - a +2 dagger
 n - a +1 whip of venom (weapon)
Missiles
 d - 17 poisoned darts (quivered)
 e - 2 curare-tipped darts
Armour
 b - a +0 robe (worn)
 c - a +0 cloak (worn)
 f - the +1 hat of Xuat Xet (worn) {rF+ rCorr}
   (You acquired it on level 4 of the Dungeon)

   rF:        It protects you from fire.
   rCorr:     It protects you from acid and corrosion.
 k - a +0 buckler (worn)
Jewellery
 g - a ring of flight
 o - a ring of see invisible (left hand)
Scrolls
 l - a scroll of fear {unknown}
 m - a scroll of vulnerability
 s - a scroll of blinking {unknown}
Potions
 h - 2 potions of might {unknown}
 i - 3 potions of mutation
 j - 2 potions of curing
 p - 2 potions of invisibility
 q - 2 potions of ambrosia
 r - 2 potions of heal wounds
 t - a potion of magic {unknown}
 u - a potion of resistance {unknown}
 v - a potion of attraction {unknown}


   Skills:
 + Level 2.7 Fighting
 - Level 2.1 Short Blades
 + Level 2.8 Throwing
 + Level 2.5 Dodging
 * Level 5.2 Stealth
 + Level 1.1 Spellcasting
 + Level 1.7 Air Magic


You had 4 spell levels left.
You knew the following spells:

 Your Spells              Type           Power      Damage    Failure   Level
a - Static Discharge      Conj/Air       4%         2-3/arc   38%         2

Your spell library contained the following spells:

 Spells                   Type           Power      Damage    Failure   Level
 Summon Small Mammal      Summ           0%         N/A       36%         1
 Sublimation of Blood     Necr           0%         N/A       50%         2
 Wereblood                Tmut           0%         N/A       50%         2
 Vhi's Electric Charge    Tloc/Air       4%         N/A       63%         3
 Kindle Blastsparks       Fire/Tloc/Air  4%         2d10      65%         3
 Call Canine Familiar     Summ           0%         N/A       75%         3
 Dazzling Flash           Conj/Hex       0%         N/A       75%         3
 Summon Guardian Golem    Hex/Summ       0%         N/A       75%         3
 Iskenderun's Mystic Bla  Conj/Tloc      0%         2d3       98%         4
 Leda's Liquefaction      Hex/Erth       0%         N/A       98%         4
 Arcjolt                  Conj/Air       1%         1d11      100%        5
 Lightning Bolt           Conj/Air       1%         1d12      100%        5
 Starburst                Conj/Fire      0%         6d3       100%        6
 Malign Gateway           Summ/Tloc      0%         N/A       100%        7
 Summon Hydra             Summ           0%         N/A       100%        7
 Lehudib's Crystal Spear  Conj/Erth      0%         10d2      100%        8


Dungeon Overview and Level Annotations

Branches:
Dungeon (4/15)
 Temple: D:4-7

Altars:
Elyvilon
Gozag
Xom

Shops:
D:2 !

Annotations:
D:3 Grinder, Sigmund


Innate Abilities, Weirdness & Mutations

You have a beak for a mouth.
You have claws for feet.
Your magical nature lets you fly swiftly and evasively.


Message History

The orc wizard misses you.
You whack the orc wizard! Your kick misses the orc wizard.
Your peck misses the orc wizard.
The orc wizard is severely wounded.
The orc wizard hits you but does no damage.
The orc wizard gestures at you while chanting.
The puff of flame hits you. You resist.
You barely miss the orc wizard.
The orc wizard is severely wounded.
The orc wizard closely misses you. The orc hits you with a +0 short sword.
The orc wizard hits you with a +0 dagger.
The orc wizard attacks as you move away!
The orc wizard hits you with a +0 dagger.
You hit the orc wizard. Your peck misses the orc wizard.
The orc wizard is almost dead.
The orc wizard barely misses you.
You closely miss the orc wizard.
The bullfrog croaks.
You claw the orc wizard.
You kill the orc wizard!
You hit the orc.
The orc is poisoned.
You claw the orc.
You kill the orc!
The endoplasm freezes you.
You are frozen.
The orc closely misses you.
You hit the orc. Your kick misses the orc. You peck the orc.
The orc is heavily wounded.
The endoplasm freezes you.
You are frozen.
The orc hits you with a +0 mace.
You hit the orc.
You kill the orc!
You block the bullfrog's attack. The endoplasm closely misses you.
The bullfrog closely misses you.
You hit the bullfrog.
The bullfrog is poisoned.
You claw the bullfrog.
The bullfrog is moderately wounded.
The bullfrog hits you. The endoplasm freezes you.
You are frozen.
* * * LOW HITPOINT WARNING * * *
The bullfrog hits you!
You die...

## .# ... ..# .# # .... ##
..# ...# .# ....##.##.##
...#. .# .# ...<.#...##....
.# ..# #...#...#.....
.##.## ##...#......# ......
#....J).....#### ......
#>.###@...>..#.. ...... ...
#.F.#.......# ..##. .
#####...........# .#.#
...........#....# #..#
..........##..... ...#
...##....#......
####..........##....#......
...#...........####<..#...
#..#............# ##†####.


You could see a bullfrog (very poisoned) and an endoplasm.

Vanquished Creatures
  A phantom (D:4)
  An orc wizard (D:4)
  An adder (D:4)
  An ufetubus (D:3)
  A worm (D:4)
  2 dart slugs
  3 orcs (D:4)
  5 endoplasms
  7 goblins
  3 hobgoblins (D:4)
  8 jackals (D:4)
  6 kobolds
  4 quokkas
  7 ball pythons
  2 bats
  2 frilled lizards
  7 rats
61 creatures vanquished.

Notes
Turn   | Place    | Note
-------+----------+-------------------------------------------
     0 | D:1      | Shayle the Tengu Brigand began the quest for the Orb.
     0 | D:1      | Reached XP level 1. HP: 12/12 MP: 2/2
   137 | D:1      | Reached XP level 2. HP: 17/17 MP: 3/3
   851 | D:2      | Reached XP level 3. HP: 21/21 MP: 4/4
  1025 | D:2      | Found a shimmering altar of Xom.
  1218 | D:2      | Found Wyoneuja's Distillery.
  1227 | D:2      | Bought a potion of heal wounds for 65 gold pieces
  1307 | D:2      | Found a faded altar of an unknown god.
  1432 | D:3      | Noticed Grinder
  1623 | D:4      | Found a white marble altar of Elyvilon.
  1673 | D:4      | Identified a scroll of acquirement
  1673 | D:4      | Acquired the +1 hat of Xuat Xet {rF+ rCorr}
  1702 | D:4      | Found an opulent altar of Gozag.
  1716 | D:4      | Noticed a phantom
  1748 | D:4      | Killed a phantom
  1749 | D:4      | Reached skill level 5 in Stealth
  1749 | D:4      | Reached skill level 1 in Spellcasting
  1749 | D:4      | Reached skill level 1 in Air Magic
  1749 | D:4      | Reached XP level 4. HP: 8/27 MP: 4/6
  1749 | D:4      | Gained mutation: Your magical nature lets you fly swiftly
                  | and evasively. [Tengu growth]
  1749 | D:4      | Reached XP level 5. HP: 10/31 MP: 4/7
  1885 | D:4      | Acquired the Quarto of Talus and Space
  1907 | D:4      | Learned a level 2 spell: Static Discharge
  2016 | D:3      | Noticed Sigmund
  2054 | D:4      | Slain by a bullfrog

Illustrated notes

Levels and vault maps discovered:
D:1:      saegor_arrival_under_anarchy, layout_loops_ring,
          corexii_item_surrounded_by_moat
D:2:      layout_basic, basic_altar, serial_shops, nicolae_shop_statue_plus,
          chequers_ecumenical_altar_lobes
D:3:      layout_rooms, uniq_pargi, uniq_grinder, uniq_sigmund
D:4:      layout_cave_pools, amcnicky_altar_gilded, elyvilon_altar_1,
          grunt_ministairs_2, hangedman_decor_diamond_cutter, uniq_eustachio

Skill      XL: |  1  2  3 |
---------------+----------+-----
Dodging        | 2 |  2.5
Stealth        | 5 |  5.2
Spellcasting   | 1 |  1.1
Air Magic      | 1 |  1.7
Fighting       | |  2.7
Short Blades   | |  2.1
Throwing       | |  2.8

Action                     |  1- 3 |  4- 6 || total
---------------------------+-------+-------++-------
  Melee: Dagger            |    40 |       ||    40
         Kick              |    15 |     8 ||    23
         Peck              |    10 |     6 ||    16
         Whip              |    63 |    31 ||    94
  Throw: Dart              |     2 |     5 ||     7
    Use: Scroll            |     6 |     1 ||     7
   Stab: Sleeping          |    12 |     1 ||    13
 Armour: Robe              |    23 |     5 ||    28
  Dodge: Dodged            |    65 |    28 ||    93
  Block: Buckler           |    11 |     2 ||    13

Table legend: (Time is in decaauts)
 A = Elapsed time spent in this place.
 B = Non-inter-level travel time spent in this place.
 C = Inter-level travel time spent in this place.
 D = Time resting spent in this place.
 E = Time spent auto-exploring this place.
 F = Levels seen in this place.
 G = Mean time per level.
                   A        B        C        D        E       F      G
               +--------+--------+--------+--------+--------+-----+--------+
         Total |   2042 |   1951 |     91 |    159 |   1101 |   4 |  510.5 |
       Dungeon |   2042 |   1951 |     91 |    159 |   1101 |   4 |  510.5 |
               +--------+--------+--------+--------+--------+-----+--------+

Top non-repeatable levels by time:
     D:1: 843 daAuts
     D:4: 588 daAuts
     D:2: 541 daAuts
     D:3: 69 daAuts
